 Dungeon Crawl Stone Soup version 0.23-a0-305-g7ffd15e (webtiles) character file.

219 namelastname112 the Skirmisher (level 5, -4/50 HPs)
             Began as a Draconian Wanderer on Oct 9, 2018.
             Slain by an orc priest
             ... wielding a +0 flail
              (7 damage)
             ... on level 3 of the Dungeon.
             The game lasted 00:03:29 (1931 turns).

namelastname112 the Skirmisher (Draconian Wanderer) Turns: 1931, Time: 00:03:30

Health: -4/50      AC:  5    Str: 14 (15) XL:     5   Next: 64%
Magic:  5/5        EV: 12    Int:  9 (10) God:
Gold:   113        SH:  0    Dex:  7 (10) Spells: 4/4 levels left

rFire    . . .     SeeInvis .   b - +0 hand crossbow
rCold    . . .     Gourm    .   (no shield)
rNeg     . . .     Faith    .   (armour unavailable)
rPois    .         Spirit   .   (helmet restricted)
rElec    .         Reflect  .   (no cloak)
rCorr    .         Harm     .   (no gloves)
MR       .....                  (no boots)
Stlth    ++........             (no amulet)
HPRegen  0.16/turn              g - -3 ring of strength (curse)
MPRegen  0.09/turn              (no ring)

@: no status effects
A: unfitting armour, cold-blooded, AC +5
a: no special abilities


You were on level 3 of the Dungeon.
You were not hungry.

You visited 1 branch of the dungeon, and saw 3 of its levels.

You collected 113 gold pieces.

Inventory:

Hand Weapons
 a - a +2 dagger
 b - a +0 hand crossbow (weapon)
Missiles
 d - 26 bolts (quivered)
Jewellery
 g - a cursed -3 ring of strength (left hand)
Wands
 o - a wand of digging (15)
Scrolls
 e - 3 scrolls of teleportation
 h - 4 scrolls of enchant weapon {unknown}
 i - 3 scrolls of identify {unknown}
 j - 4 scrolls of remove curse {unknown}
 k - a scroll of random uselessness {unknown}
Potions
 c - 2 potions of haste
Comestibles
 f - 4 rations


   Skills:
 + Level 6.1 Fighting
 * Level 3.3 Crossbows
 + Level 2.3 Dodging
 + Level 3.0 Stealth
 - Level 1.0 Evocations


You had 4 spell levels left.
You didn't know any spells.
Your spell library was empty.

Dungeon Overview and Level Annotations

Branches:
Dungeon (3/15)

Altars:
Ashenzari
Uskayaw
Xom


Innate Abilities, Weirdness & Mutations

Your plain brown scales are hard. (AC +5)
You cannot fit into any form of body armour.
You are cold-blooded and may be slowed by cold attacks.


Message History

Pain shoots through your body!
You take 10 damage, and have 19/50 hp.
You miss the orc priest.
Your tail-slap misses the orc priest.
The orc priest is lightly wounded.
You feel less invigorated.
You feel less confused. The orc hits you with a hand axe.
The frilled lizard barely misses you.
The orc priest invokes the aid of Beogh against you.
Pain shoots through your body!
* * * LOW HITPOINT WARNING * * *
The worm bites you.
* * * LOW HITPOINT WARNING * * *
The orc hits you but does no damage.
You take 16 damage, and have 3/50 hp.
MASSIVE DAMAGE!!
It was a potion of degeneration.
There was something very wrong with that liquid.
You feel weakened.
You feel dopey.
You feel clumsy.
The frilled lizard bites you but does no damage.
The orc priest hits you with a flail!
You die...

### ..# ### #.#
#.# #......
#.###.##..
#w.......#
#@o##.#..
#lo##.#.#
#gw##w#.#######
#...(#.l.......
##.##g##.######
##.##.# .#
#.....# o#
#..#### .# #..#
o#


You could see 2 worms, an orc priest, an orc, a goblin and a frilled lizard.

Vanquished Creatures
  An ogre (D:2)
  A hound (D:2)
  3 gnolls (D:2)
  3 adders
  An ooze (D:1)
  A worm (D:2)
  A dart slug (D:1)
  A leopard gecko (D:1)
  4 bats
  5 giant cockroaches
  4 goblins
  5 hobgoblins
  6 frilled lizards
  A kobold (D:2)
  8 rats
45 creatures vanquished.

Notes
Turn   | Place    | Note
-------+----------+-------------------------------------------
     0 | D:1      | namelastname112 the Draconian Wanderer began the quest for
                  | the Orb.
     0 | D:1      | namelastname112 set off with: a +2 dagger, a potion of
                  | haste, a +0 hand crossbow, 29 bolts, a scroll of
                  | teleportation, a ration
     0 | D:1      | Reached XP level 1. HP: 23/23 MP: 1/1
     0 | D:1      | Noticed a naga
     0 | D:1      | Noticed a ghoul
     2 | D:1      | Noticed a vine stalker
     5 | D:1      | Noticed a ghoul
     6 | D:1      | Noticed a human
     7 | D:1      | Noticed a spriggan
    14 | D:1      | Noticed a dwarf
    14 | D:1      | Noticed a draconian
    14 | D:1      | Noticed a formicid
    16 | D:1      | Noticed a naga
    16 | D:1      | Noticed a vine stalker
    20 | D:1      | Noticed a dwarf
   100 | D:1      | Reached XP level 2. HP: 26/29 MP: 2/2
   526 | D:2      | Noticed an ogre
   531 | D:2      | Killed an ogre
   531 | D:2      | Reached XP level 3. HP: 37/37 MP: 3/3
   531 | D:2      | Reached XP level 4. HP: 44/44 MP: 4/4
   624 | D:2      | Noticed a dagger
   625 | D:2      | Found a hide-covered altar of Uskayaw.
   625 | D:2      | Noticed a dagger
   800 | D:2      | HP: 2/44 [gnoll/spear (4)]
   803 | D:2      | Reached skill level 6 in Fighting
   803 | D:2      | Reached XP level 5. HP: 3/50 MP: 5/5
  1265 | D:2      | Found a shattered altar of Ashenzari.
  1407 | D:2      | Found a shimmering altar of Xom.
  1931 | D:3      | Slain by an orc priest

Vault maps used:
D:1:      shiori_arrival_whats_in_store_for_you, corexii_leaking_fountain
D:2:      old_standard_altar, dancing_weapons_uskayaw,
          ashenzari_conservatory_becter
D:3:      kennysheep_ying_yang, first_ration

Skill      XL: |  1  2  3  4  5 |
---------------+----------------+-----
Stealth        | 2 3 |  3.0
Crossbows      | 2 3 |  3.3
Dodging        | 2 |  2.3
Fighting       | 6 |  6.1
Evocations     | |  1.0

Action                   |  1- 3 |  4- 6 || total
-------------------------+-------+-------++-------
Melee: Dagger            |    47 |    88 ||   135
       Tailslap          |     8 |    10 ||    18
       Hand crossbow     |       |     3 ||     3
 Fire: Hand crossbow     |     4 |    16 ||    20
  Use: Potion            |       |     3 ||     3
 Stab: Sleeping          |     1 |     3 ||     4
  Eat: Chunk             |       |     3 ||     3
Armor: Skin              |     8 |    42 ||    50
Dodge: Dodged            |    36 |    68 ||   104

Table legend:
 A = Non-vault XP
 B = Vault XP
 C = Vault XP percentage of total XP
 D = Non-vault monster count
 E = Vault monster count
 F = Vault count percentage of total count
                 A         B        C        D         E       F
            +---------+---------+-------+---------+---------+-------
      Total |     314 |       0 |   0.0 |      45 |       0 |   0.0
            +---------+---------+-------+---------+---------+-------
        D:1 |      34 |       0 |   0.0 |      15 |       0 |   0.0
        D:2 |     256 |       0 |   0.0 |      23 |       0 |   0.0
        D:3 |      24 |       0 |   0.0 |       7 |       0 |   0.0
            +---------+---------+-------+---------+---------+-------
